 Dungeon Crawl Stone Soup version 0.25.1-8-g42b30a86e7 (webtiles) character file.

Game seed: 8647410063358050776

5063 roke1 the Zephyrmancer (level 10, -4/60 HPs)
             Began as a Tengu Air Elementalist on Dec 13, 2020.
             Was a Priest of Vehumet.
             Collided with a rock wall (8 damage)
             ... caused by Erica
             ... on level 8 of the Dungeon.
             The game lasted 00:28:11 (10541 turns).

roke1 the Zephyrmancer (Tengu Air Elementalist)    Turns: 10541, Time: 00:28:11

Health: -4/60      AC:  7    Str: 14    XL:     10   Next: 56%
Magic:  14/20      EV: 16    Int: 18    God:    Vehumet [***...]
Gold:   55         SH:  0    Dex: 14    Spells: 6/21 levels left

rFire    . . .     SeeInvis .   g - +2 dagger (venom)
rCold    . . .     Gourm    .   (no shield)
rNeg     + . .     Faith    .   j - +0 ring mail
rPois    .         Spirit   .   (helmet restricted)
rElec    .         Reflect  .   (no cloak)
rCorr    .         Harm     .   l - +1 pair of gloves
MR       .....                  (boots unavailable)
Stlth    +.........             y - amulet of Mistrust {RegenMP rN+ Str+4 Slay+3}
HPRegen  0.20/turn              (no ring)
MPRegen  0.42/turn              (no ring)

@: lethally poisoned (-4 -> -12), flying quickly and evasively, quick
A: beak, talons 3, able to fly
a: Stop Flying, Renounce Religion


You were on level 8 of the Dungeon.
You worshipped Vehumet.
Vehumet was most pleased with you.
You were not hungry.

You visited 2 branches of the dungeon, and saw 9 of its levels.
You also visited: Ossuary.

You collected 380 gold pieces.
You spent 325 gold pieces at shops.

Inventory:

Hand Weapons
 g - a +2 dagger of venom (weapon)
 D - a cursed +4 falchion of freezing
Missiles
 G - 2 throwing nets (quivered)
Armour
 a - a +0 robe
 i - a +0 leather armour
 j - a +0 ring mail (worn)
 l - a +1 pair of gloves (worn)
 o - a +2 robe of fire resistance
Magical Staves
 C - an uncursed staff of conjuration
Jewellery
 y - the amulet of Mistrust (around neck) {RegenMP rN+ Str+4 Slay+3}
   (You found it on level 5 of the Dungeon)

   [amulet of magic regeneration]

   It increases your magic regeneration.
   It affects your strength (+4).
   It affects your accuracy and damage with ranged weapons and melee attacks
   (+3).
   It protects you from negative energy.
 I - the ring "Tahyk" {rPois rF- Str-4 Int+9 SInv}
   (You bought it in a shop on level 8 of the Dungeon)

   [ring of strength]

   It affects your strength (-4).
   It affects your intelligence (+9).
   It makes you vulnerable to fire.
   It protects you from poison.
   It lets you see invisible.
 J - an uncursed amulet of regeneration {unknown}
Wands
 v - a wand of random effects (16)
 w - a wand of digging (4)
 E - a wand of acid (7)
Scrolls
 b - a scroll of remove curse
 h - 5 scrolls of enchant armour
 k - 3 scrolls of immolation
 m - 4 scrolls of teleportation
 q - 5 scrolls of amnesia
 s - a scroll of enchant weapon {unknown}
 z - 2 scrolls of fear
 A - 3 scrolls of blinking
 B - a scroll of vulnerability
 F - a scroll of holy word {unknown}
 H - a scroll of noise {unknown}
Potions
 d - a potion of resistance
 e - 3 potions of heal wounds
 f - 3 potions of magic
 n - a potion of invisibility
 p - a potion of cancellation {unknown}
 r - a potion of might
 t - 8 potions of brilliance
 u - 4 potions of curing
 x - 2 potions of stabbing
Comestibles
 c - 10 rations


   Skills:
 + Level 6.1 Fighting
 + Level 3.1 Armour
 - Level 6.2 Dodging
 - Level 2.0 Stealth
 + Level 6.0 Spellcasting
 + Level 8.2 Conjurations
 * Level 11.9 Air Magic


You had 6 spell levels left.
You knew the following spells:

 Your Spells              Type           Power        Failure   Level  Hunger
a - Shock                 Conj/Air       ####         1%          1    None
b - Swiftness             Chrm/Air       ####....     3%          2    None
c - Airstrike             Air            #####.....   1%          4    ####...
d - Static Discharge      Conj/Air       #####...     1%          3    ##.....
e - Lightning Bolt        Conj/Air       #####.....   3%          5    #####..

Your spell library contained the following spells:

 Spells                   Type           Power        Failure   Level  Hunger
 Stone Arrow              Conj/Erth      ###...       3%          3    ##.....
 Beastly Appendage        Tmut           #.....       24%         1    None
 Sticks to Snakes         Tmut           #.......     34%         2    None
 Spider Form              Tmut/Pois      #.........   56%         3    ##.....
 Ice Form                 Ice/Tmut       #.......     93%         4    ####...
 Blade Hands              Tmut           #.........   100%        5    #####..


Dungeon Overview and Level Annotations

Branches:
Dungeon (8/15)             Temple (1/1) D:5         Ossuary (visited)
   Lair: D:8-11

Altars:
Ashenzari
Cheibriados
Dithmenos
Elyvilon
Fedhas
Gozag
Hepliaklqana
Kikubaaqudgha
Makhleb
Nemelex Xobeh
Okawaru
Qazlal
Ru
Sif Muna
Trog
Vehumet
Wu Jian
Xom
Yredelemnul
Zin
The Shining One

Shops:
D:8 *

Annotations:
D:8 Erica


Innate Abilities, Weirdness & Mutations

You have a beak for a mouth.
You have claws for feet.
You can fly continuously.


Message History

You kill the centaur!
Vehumet accepts your kill.
You feel your power returning.
Erica points at you and mumbles some strange words.
The bolt of poison hits you!
You are poisoned.
Casting: Airstrike (safe; 1% risk of failure)
Confirm with . or Enter, or press ? or * to list all spells.
Aiming: Airstrike (safe; 1% risk of failure)
Press: ? - help, Dir - move target cursor, f - Erica
Aim: Erica, wielding a +0 scimitar of flaming and wearing a +0 robe of magic resistance The air twists around and strikes Erica!
Erica is moderately wounded.
You feel sick. Erica gestures at you while chanting.
The lance of force hits you!
* * * LOW HITPOINT WARNING * * *
You are knocked back by the lance of force.
You slam into the rock wall!
You die...

..
.......................
... .......
#.......#.#...
..##......
..........#..# ........
.............# #.@##.#
##........##.# #(##.#
#...........# #.(#.#
#.##.........
##l#.####.##.....####
#.#@............#...
##(#)†###.##.........
#..@...##.##.........
#......##.##.........
#......##.####.##....
#......##.# #.##....
#......##.# #.......
#.......... #.#.....
###...###.# #.###...


You could see Erica.

Vanquished Creatures
  Pikel (D:4)
  A hippogriff (D:8)
  A spriggan (D:7)
  2 wyverns
  Sigmund (D:4)
  An ice beast (D:5)
  2 slaves (D:3)
  2 phantoms (D:7)
  An eye of draining (D:8)
  A sky beast (D:7)
  2 ogres
  2 centaurs
  Blork the orc (D:5)
  A gnoll sergeant (D:5)
  5 bullfrogs
  7 scorpions
  6 killer bees (D:7)
  5 wights
  2 centaur zombies
  4 crimson imps
  A human zombie (Ossuary)
  4 gnoll shamans (D:5)
  7 orc wizards
  2 orc priests (D:3)
  3 hounds
  A centaur skeleton (D:7)
  4 iguanas
  5 worker ants
  3 big kobold zombies (Ossuary)
  A hound zombie (Ossuary)
  4 mummies (Ossuary)
  39 gnolls
  12 adders
  An ooze (D:3)
  An adder zombie (Ossuary)
  2 worms
  2 dart slugs (D:1)
  7 leopard geckos
  29 orcs
  7 giant cockroaches
  7 goblins
  8 hobgoblins
  18 jackals
  3 quokkas
  A ball python (D:1)
  4 bats
  4 frilled lizards
  2 hobgoblin zombies (Ossuary)
  3 jackal zombies
  11 kobolds
  A kobold zombie (Ossuary)
  A leopard gecko zombie (D:5)
  An orc zombie (Ossuary)
  11 rats
  A butterfly (D:5)
259 creatures vanquished.

Vanquished Creatures (others)
  An orc (D:4)
1 creature vanquished.

Grand Total: 260 creatures vanquished

Notes
Turn   | Place    | Note
-------+----------+-------------------------------------------
     0 | D:1      | roke1 the Tengu Air Elementalist began the quest for the
                  | Orb.
     0 | D:1      | Reached XP level 1. HP: 10/10 MP: 4/4
   216 | D:1      | Reached XP level 2. HP: 16/16 MP: 1/6
   718 | D:1      | Reached XP level 3. HP: 20/20 MP: 7/7
  1395 | D:1      | Learned a level 2 spell: Swiftness
  1533 | D:2      | Noticed an ogre
  1545 | D:2      | Reached skill level 1 in Fighting
  1545 | D:2      | Reached XP level 4. HP: 22/25 MP: 4/8
  1585 | D:2      | Killed an ogre
  1585 | D:2      | Reached skill level 5 in Air Magic
  1585 | D:2      | Gained mutation: You can fly continuously. [Tengu growth]
  1585 | D:2      | Reached XP level 5. HP: 28/29 MP: 2/10
  2128 | D:2      | Learned a level 4 spell: Airstrike
  3020 | D:3      | Reached skill level 6 in Air Magic
  3020 | D:3      | Reached XP level 6. HP: 23/35 MP: 2/11
  4051 | D:4      | Reached XP level 7. HP: 26/40 MP: 5/12
  4210 | D:4      | Noticed Pikel
  4503 | D:4      | Found a white marble altar of Elyvilon.
  4528 | D:4      | Reached skill level 7 in Air Magic
  4622 | D:4      | Learned a level 3 spell: Static Discharge
  4682 | D:4      | Killed Pikel
  4682 | D:4      | Reached skill level 5 in Conjurations
  4682 | D:4      | Reached skill level 8 in Air Magic
  4682 | D:4      | Reached XP level 8. HP: 37/46 MP: 6/14
  4813 | D:4      | Noticed Sigmund
  4820 | D:4      | Killed Sigmund
  5015 | D:4      | Reached skill level 5 in Dodging
  5144 | D:4      | Reached skill level 9 in Air Magic
  5325 | D:5      | Entered Level 5 of the Dungeon
  5328 | D:5      | Noticed Blork the orc
  5332 | D:5      | Killed Blork the orc
  5620 | D:5      | Found a sand-covered staircase.
  5624 | Ossuary  | Entered an ossuary
  5764 | Ossuary  | Reached XP level 9. HP: 47/52 MP: 0/16
  6152 | D:5      | Got an ancient sapphire amulet
  6221 | D:5      | Found a staircase to the Ecumenical Temple.
  6260 | D:5      | Learned a level 5 spell: Lightning Bolt
  6267 | Temple   | Entered the Ecumenical Temple
  6398 | Temple   | Became a worshipper of Vehumet
  6681 | D:5      | Found a shattered altar of Ashenzari.
  7186 | D:5      | Reached * piety under Vehumet
  7186 | D:5      | Offered knowledge of Sandblast by Vehumet.
  7190 | D:5      | Reached skill level 10 in Air Magic
  7299 | D:5      | Reached skill level 5 in Spellcasting
  7814 | D:5      | Reached skill level 5 in Fighting
  7820 | D:5      | Reached ** piety under Vehumet
  7993 | D:5      | Offered knowledge of Magic Dart by Vehumet.
  8436 | D:6      | Identified the amulet of Mistrust {RegenMP rN+ Str+4
                  | Slay+3} (You found it on level 5 of the Dungeon)
  8731 | D:6      | Reached skill level 1 in Armour
  8755 | D:6      | Reached skill level 11 in Air Magic
  8769 | D:6      | Reached XP level 10. HP: 59/59 MP: 19/19
  8940 | D:6      | Found a snail-covered altar of Cheibriados.
  9335 | D:7      | Offered knowledge of Stone Arrow by Vehumet.
 10314 | D:8      | Found a stormy altar of Qazlal.
 10331 | D:8      | Found Safa's Assorted Antiques.
 10334 | D:8      | Bought a scroll of blinking for 195 gold pieces
 10334 | D:8      | Bought a glittering bronze ring for 130 gold pieces
 10336 | D:8      | Identified the cursed ring "Tahyk" {rPois rF- Str-4 Int+9
                  | SInv} (You bought it in a shop on level 8 of the Dungeon)
 10364 | D:8      | Reached *** piety under Vehumet
 10528 | D:8      | Noticed Erica
 10541 | D:8      | Collided with a rock wall

Illustrated notes

Levels and vault maps discovered:
D:1:      eino_arrival_tree_alley, layout_basic, minmay_crystal_room,
          chequers_serial_rivers_small_3, minmay_box_of_dots
D:2:      layout_basic, first_ration
D:3:      layout_basic, serial_curves, eino_curves_04, eino_curves_04,
          minmay_statues_item
D:4:      layout_basic, elyvilon_altar_3, uniq_sigmund, uniq_pikel
D:5:      lemuel_castle_with_subvaults [lemuel_castle_interior_carwin_1],
          layout_basic, minmay_temple_entry_butterflies,
          nicolae_ossuary_entry_false_entrances, evilmike_ruin_ashenzari,
          uniq_blork_the_orc
D:6:      layout_basic, st_stairs_9, cheibriados_altar_1
D:7:      layout_basic, the_bakery
D:8:      layout_basic, serial_shops, kennysheep_mini_moat, basic_altar,
          uniq_erica
Temple:   kilobyte_greek_temple

Skill      XL: |  1  2  3  4  5  6  7  8  9 10 |
---------------+-------------------------------+-----
Conjurations   | 2 3 5 7 8 |  8.2
Fighting       | 1 2 3 4 5 6 |  6.1
Dodging        | 3 4 5 6 |  6.2
Air Magic      | 5 6 8 9 11 | 11.9
Spellcasting   | 3 4 5 6 |  6.0
Armour         | 1 3 |  3.1
Stealth        | |  2.0

Action                   |  1- 3 |  4- 6 |  7- 9 | 10-12 || total
-------------------------+-------+-------+-------+-------++-------
Melee: Dagger            |    30 |    63 |   132 |    55 ||   280
       Kick              |     4 |    16 |    29 |    16 ||    65
       Peck              |     2 |     6 |    21 |    13 ||    42
 Cast: Shock             |    36 |    93 |   263 |    42 ||   434
       Airstrike         |       |       |    26 |    26 ||    52
 Abil: Fly               |       |     1 |       |       ||     1
  Use: Scroll            |       |       |    16 |     3 ||    19
 Stab: Sleeping          |     3 |     1 |     3 |       ||     7
  Eat: Chunk             |     2 |     8 |    15 |     6 ||    31
       Ration            |       |       |     1 |     1 ||     2
Armor: Leather armour    |     8 |     7 |       |       ||    15
       Robe              |       |       |    28 |       ||    28
       Ring mail         |       |       |     5 |    15 ||    20
Dodge: Dodged            |    18 |    57 |   157 |    49 ||   281
